 Dungeon Crawl Stone Soup version 0.31-a0-889-g1a8549509d (webtiles) character file.

Game seed: 8534161522470895145

219 croobank the Sneak (level 5, -2/45 HPs)
             Began as a Demigod Delver on Oct 16, 2023.
             Slain by an iguana (7 damage)
             ... on level 4 of the Dungeon on Oct 17, 2023.
             The game lasted 00:11:46 (3583 turns).

croobank the Sneak (Demigod Delver)                 Turns: 3583, Time: 00:11:47

Health: -2/45      AC:  4    Str: 13    XL:     5   Next: 36%
Magic:  17/17      EV: 12    Int: 16    God:
Gold:   152        SH:  0    Dex: 15    Spells: 5/5 levels left

rFire   . . .        a - +0 short sword
rCold   . . .        (no shield)
rNeg    . . .        b - +0 leather armour
rPois   +            (no helmet)
rElec   .            (no cloak)
rCorr   .            q - +0 pair of gloves
SInv    .            (no boots)
Will    .....        (no amulet)
Stlth   +++          f - ring of magical power
HPRegen 0.27/turn    w - ring of poison resistance
MPRegen 0.15/turn

%: no passive effects
@: no status effects
A: high MP 1, forlorn, divine attributes
a: no special abilities


You were on level 4 of the Dungeon.
You visited 1 branch of the dungeon, and saw 6 of its levels.

You collected 152 gold pieces.

Inventory:

Hand Weapons
 a - a +0 short sword (weapon)
 e - a +0 dagger
 h - a +0 quarterstaff
 i - a +0 falchion
Missiles
 k - 5 poisoned darts
 m - 3 boomerangs (quivered)
Armour
 b - a +0 leather armour (worn)
 n - an orb of wrath
 q - a +0 pair of gloves (worn)
 v - a +0 pair of boots
Jewellery
 f - a ring of magical power (left hand)
 w - a ring of poison resistance (right hand)
Wands
 g - a wand of digging (3)
Scrolls
 c - 2 scrolls of fog
 d - a scroll of revelation
 r - a scroll of blinking {unknown}
 t - 2 scrolls of identify
 u - a scroll of teleportation {unknown}
 x - a scroll of brand weapon {unknown}
 y - a scroll of fear
Potions
 j - 2 potions of lignification
 l - a potion of attraction
 o - a potion of might {unknown}
 p - 2 potions of curing {unknown}
 s - a potion of degeneration {unknown}
 z - a potion of mutation {unknown}
 A - a potion of brilliance {unknown}


   Skills:
 + Level 3.6 Fighting
 + Level 3.0 Short Blades
 + Level 2.9 Dodging
 + Level 5.2 Stealth
 * Level 0.7 Spellcasting
 * Level 1.0 Necromancy


You had 5 spell levels left.
You didn't know any spells.
Your spell library contained the following spells:

 Spells                   Type           Power      Damage    Failure   Level
 Necrotise                Necr           12%        1d4       21%         1
 Cigotuvi's Dreadful Rot  Necr/Pois/Air  2%         N/A       36%         2
 Vampiric Draining        Necr           3%         2d6       52%         3
 Animate Dead             Necr           3%         N/A       89%         4
 Dispel Undead            Necr           3%         3d7       89%         4
 Agony                    Necr           3%         N/A       99%         5
 Death Channel            Necr           1%         N/A       100%        6
 Haunt                    Necr/Summ      1%         N/A       100%        7
 Infestation              Necr           1%         N/A       100%        8


Dungeon Overview and Level Annotations

Branches:
Dungeon (6/15)
 Temple: D:4-7

Shops:
D:3 :


Innate Abilities, Weirdness & Mutations

You have an increased reservoir of magic. (+10% MP)
You shall have no god before yourself.
Your divine heritage dramatically boosts your attributes as you level up.


Message History

Found a stone staircase leading down.
You now have 152 gold pieces (gained 7).
Found a stone staircase leading down.
Found a stone staircase leading up.
There is a stone staircase leading down here.
You see here a +0 ring mail.
A - a ruby potion
Found an escape hatch in the floor.
An iguana comes into view.
Found a sapphire potion.
You hit the iguana but do no damage. The iguana completely misses you.
You barely miss the iguana. You punch the iguana, but do no damage.
The iguana bites you but does no damage.
You closely miss the iguana. The iguana bites you!
You closely miss the iguana. The iguana barely misses you.
You hit the iguana but do no damage. You hit the iguana but do no damage.
The iguana barely misses you.
You barely miss the iguana. The iguana bites you.
You hit the iguana.
The iguana is lightly wounded.
The iguana bites you!
You hit the iguana.
The iguana is moderately wounded.
The iguana bites you!
You hit the iguana.
The iguana is moderately wounded.
You hit the iguana but do no damage.
The iguana is moderately wounded.
The iguana barely misses you.
You hit the iguana but do no damage.
The iguana is moderately wounded.
The iguana closely misses you.
You hit the iguana but do no damage.
The iguana is moderately wounded.
The iguana bites you!
* * * LOW HITPOINT WARNING * * *
You hit the iguana but do no damage.
The iguana is moderately wounded.
The iguana bites you!
You die...

........... #....<##...
##.#.#......
#........... .##
#.........#. ....
#........... .....
######.........#.
#.....##..>.............
#.....l@.........##.###.
#.....########.......##.
#...! #...###.... #...
#...# #.#.. ### #...#
#...# #...# ##..# #...#
##.# #...# #.# #...# #.#


You could see an iguana.

Vanquished Creatures
  A howler monkey (D:3)
  An orc priest (D:2)
  2 orc wizards (D:2)
  An adder (D:2)
  A white imp (D:3)
  11 dart slugs
  4 orcs
  2 endoplasms (D:2)
  3 giant cockroaches
  7 goblins
  8 hobgoblins
  5 jackals
  4 quokkas
  8 ball pythons
  2 bats
  3 frilled lizards
  4 kobolds (D:2)
  4 rats
71 creatures vanquished.

Notes
Turn   | Place    | Note
-------+----------+-------------------------------------------
     0 | D:5      | croobank the Demigod Delver began the quest for the Orb.
     0 | D:5      | Reached XP level 1. HP: 18/18 MP: 3/3
     1 | D:6      | Noticed an ice beast
   207 | D:3      | Noticed a howler monkey
   358 | D:2      | Noticed an orc priest
   573 | D:1      | Reached XP level 2. HP: 25/25 MP: 4/4
  1491 | D:1      | Reached XP level 3. HP: 31/31 MP: 5/5
  2204 | D:2      | Reached skill level 5 in Stealth
  2204 | D:2      | Reached XP level 4. HP: 35/38 MP: 6/6
  2850 | D:3      | Reached XP level 5. HP: 43/45 MP: 7/7
  3303 | D:3      | Found Kaett's Vocational Training.
  3324 | D:3      | Reached skill level 1 in Necromancy
  3583 | D:4      | Slain by an iguana

Illustrated notes

Levels and vault maps discovered:
D:1:      dpeg_arrival_fog, layout_loops_cross,
          shapermc_ecumenical_altar_hornbeckon
D:2:      cheibrodos_pilgrimage, layout_loops_ring
D:3:      kennysheep_slugbush, layout_loops_ring,
          mainiacjoe_overflow_small_starburst, corexii_leaking_fountain,
          nicolae_shop_vocational
D:4:      layout_rooms, minmay_snake_closets, uniq_blork_the_orc
D:5:      layout_loops_ring
D:6:      layout_loops_ring, minmay_temple_entry_poolview, serial_shops, shop,
          grunt_ministairs_3, uniq_prince_ribbit1, uniq_duvessa

Skill      XL: |  1  2  3  4  5 |
---------------+----------------+-----
Short Blades   | 2 3 |  3.0
Dodging        | 2 |  2.9
Fighting       | 3 |  3.6
Stealth        | 5 |  5.2
Necromancy     | 1 |  1.0
Spellcasting   | |  0.7

Action                     |  1- 3 |  4- 6 || total
---------------------------+-------+-------++-------
  Melee: Short sword       |   155 |   168 ||   323
         Punch             |     2 |     3 ||     5
    Use: Scroll            |     4 |     2 ||     6
         Potion            |     2 |     1 ||     3
   Stab: Sleeping          |    11 |     7 ||    18
 Armour: Leather armour    |    76 |    64 ||   140
  Dodge: Dodged            |    91 |    73 ||   164

Table legend: (Time is in decaauts)
 A = Elapsed time spent in this place.
 B = Non-inter-level travel time spent in this place.
 C = Inter-level travel time spent in this place.
 D = Time resting spent in this place.
 E = Time spent auto-exploring this place.
 F = Levels seen in this place.
 G = Mean time per level.
                   A        B        C        D        E       F      G
               +--------+--------+--------+--------+--------+-----+--------+
         Total |   3577 |   3510 |     67 |    884 |   1720 |   6 |  596.2 |
       Dungeon |   3577 |   3510 |     67 |    884 |   1720 |   6 |  596.2 |
               +--------+--------+--------+--------+--------+-----+--------+

Top non-repeatable levels by time:
     D:1: 1263 daAuts
     D:2: 1155 daAuts
     D:3: 845 daAuts
     D:4: 205 daAuts
     D:5: 90 daAuts
     D:6: 16 daAuts
